Map: Redshift LE

Players

quelfhalas - Winner!

  • Race: Protoss Protoss
  • League: Gold
  • Spawn Location: 7:00

ZaKoNaL

  • Race: Terran Terran
  • League: Gold
  • Spawn Location: 11:00

VOD

Have the link to the VOD?

Description

Time

  • Played on: June 1, 2018, 9:57 a.m.
  • Length: 13:26
Show
View Real Time Build Order
Export as new Build Order

quelfhalas Protoss - Winner!

Build Orders: Oracle Opening 

Get SALT Encoding   

  12  0:02  Probe  
  13  0:14  Probe  
  13  0:17  Pylon  
  14  0:23  Probe  
  15  0:31  Probe  
  16  0:40  Probe  
  16  0:41  Gateway  
  16  0:49  Assimilator  
  17  0:52  Probe  
  18  1:04  Gateway  
  18  1:08  Probe  
  18  1:16  Probe  
  19  1:20  Assimilator  
  20  1:25  Probe  
  20  1:30  Cybernetics Core  
  21  1:35  Pylon  
  21  1:43  Probe  
  22  1:55  Probe  
  23  2:07  Warp Gate  
  23  2:15  Nexus  
  23  2:21  Adept  
  25  2:27  Adept  
  27  2:38  Stargate  
  26  3:17  Pylon  
  26  3:20  Robotics Facility  
  26  3:21  Oracle  
  29  3:37  Probe  
  29  3:38  Stalker x2  
  34  3:42  Probe  
  34  3:45  Probe  
  35  3:54  Probe  
  36  4:01  Probe  
  38  4:06  Probe  
  39  4:13  Probe  
  39  4:15  Robotics Facility  
  40  4:18  Probe  
  41  4:25  Probe  
  41  4:30  Probe  
  43  4:37  Probe  
  41  4:41  Gateway  
  41  4:42  Gateway, Probe  
  42  4:49  Probe  
  42  4:50  Pylon  
  43  4:54  Probe  
  43  4:58  Robotics Facility  
  44  5:01  Probe  
  43  5:09  Probe  
  43  5:11  Stalker  
  43  5:12  Stalker  
  43  5:13  Probe  
  49  5:21  Probe  
  49  5:22  Shield Battery  
  49  5:23  Shield Battery  
  49  5:25  Probe  
  51  5:29  Immortal  
  51  5:33  Probe  
  56  5:37  Probe  
  56  5:40  Twilight Council  
  57  5:43  Zealot x2  
  61  5:58  Pylon  
  61  5:59  Pylon  
  61  6:10  Nexus  
  61  6:19  Zealot x2  
  61  6:20  Zealot x2  
  69  6:42  Stalker x2  
  69  6:43  Stalker x2  
  77  6:54  Pylon  
  77  6:55  Assimilator  
  77  6:57  Assimilator  
  77  7:04  Probe  
  78  7:12  Immortal, Probe  
  83  7:17  Probe  
  83  7:20  Zealot  
  86  7:24  Probe  
  86  7:29  Probe  
  88  7:30  Charge, Pylon  
  88  7:31  Pylon  
  88  7:34  Pylon x2  
  88  7:36  Probe  
  89  7:37  Void Ray  
  89  7:38  Pylon  
  89  7:41  Probe  
  94  7:48  Probe  
  95  7:53  Probe  
  95  7:56  Forge x2  
  96  8:00  Probe  
  96  8:05  Stalker x4, Probe  
  106  8:13  Probe  
  106  8:17  Probe  
  108  8:20  Assimilator  
  108  8:25  Assimilator, Probe  
  108  8:26  Immortal  
  113  8:29  Probe  
  114  8:36  Zealot x3  
  114  8:37  Zealot  
  114  8:39  Protoss Ground Armor Level 1, Protoss Ground Weapons Level 1  
  122  8:45  Forge  
  122  8:59  Zealot x4  
  130  9:17  Pylon  
  130  9:18  Pylon  
  130  9:20  Pylon  
  130  9:22  Pylon  
  130  9:34  Sentry, Shield Battery  
  130  9:35  Sentry x3, Shield Battery  
  138  9:39  Nexus  
  138  10:00  Gateway  
  138  10:01  Gateway  
  138  10:03  Gateway  
  138  10:06  Gateway  
  138  10:08  Templar Archives  
  120  10:51  Stalker  
  120  10:52  Stalker x3  
  120  10:55  Psionic Storm  
  126  10:59  Robotics Bay  
  126  11:07  Robotics Facility  
  126  11:09  Robotics Facility  
  118  11:15  Probe  
  118  11:16  Probe  
  118  11:17  Pylon  
  120  11:24  Zealot x5  
  120  11:25  Zealot x3  
  136  11:27  Probe  
  136  11:28  Probe  
  139  11:40  Probe x2  
  139  11:45  Extended Thermal Lance  
  140  11:47  Colossus x2  
  140  11:51  High Templar  
  140  11:52  High Templar x4  
  162  12:05  Zealot x3, Assimilator  
  168  12:08  Assimilator  
  168  12:09  Archon x2  
  168  12:20  Colossus  
  174  12:23  Colossus  
  174  12:25  Pylon  
  180  12:38  High Templar x2  
  190  12:48  Zealot x4  
  190  12:49  Zealot  
Show
View Real Time Build Order
Export as new Build Order

ZaKoNaL Terran 

Build Orders: Liberator Opening, Reaper Expand 

Get SALT Encoding   

  12  0:00  SCV  
  13  0:13  SCV  
  14  0:19  Supply Depot  
  14  0:25  SCV  
  15  0:30  Refinery  
  15  0:42  Barracks  
  15  0:45  SCV  
  16  0:57  SCV  
  17  1:09  SCV  
  18  1:21  SCV  
  19  1:32  Reaper  
  20  1:34  Orbital Command  
  20  1:42  Supply Depot  
  20  1:54  Command Center  
  20  2:01  SCV  
  21  2:04  Barracks Reactor  
  21  2:13  SCV  
  21  2:15  Factory  
  22  2:19  Refinery  
  22  2:25  SCV  
  23  2:37  SCV  
  24  3:04  Factory Tech Lab  
  24  3:06  Starport  
  24  3:08  Engineering Bay  
  24  3:11  Orbital Command  
  24  3:20  SCV  
  24  3:22  Siege Tank  
  24  3:26  Marine x2  
  30  3:31  Supply Depot  
  30  3:32  SCV  
  31  3:34  Liberator  
  31  3:39  Missile Turret  
  31  3:43  Marine  
  31  3:44  Marine  
  31  3:45  Missile Turret  
  33  3:53  Missile Turret  
  36  3:57  SCV x2  
  36  4:01  Missile Turret  
  38  4:09  SCV x2  
  40  4:17  Missile Turret  
  40  4:20  Marine  
  40  4:21  Marine, SCV x2  
  44  4:29  Missile Turret  
  44  4:33  Missile Turret  
  44  4:55  Refinery, SCV x2  
  44  4:57  Refinery  
  44  4:59  Marine x2  
  47  5:01  Siege Tank  
  47  5:02  Starport Reactor  
  51  5:07  SCV x2  
  50  5:17  Marine x2  
  50  5:19  SCV x2  
  54  5:40  Supply Depot  
  54  5:42  Supply Depot  
  54  5:43  Medivac, Marine x2, Siege Tank  
  61  6:01  Medivac, Marine x2  
  61  6:02  Supply Depot  
  65  6:04  Supply Depot  
  65  6:10  Engineering Bay  
  65  6:13  Medivac  
  65  6:14  Terran Infantry Weapons Level 1  
  65  6:15  Siege Tank  
  70  6:19  Marine x2  
  70  6:21  Armory  
  70  6:25  Supply Depot  
  72  6:27  Supply Depot  
  72  6:31  Medivac  
  74  6:41  Barracks Reactor  
  74  6:50  Barracks  
  74  6:52  Barracks  
  74  7:06  Terran Infantry Armor Level 1, Sensor Tower  
  73  7:26  Missile Turret  
  73  7:31  Missile Turret  
  73  7:35  SCV x2  
  73  7:36  Missile Turret  
  75  7:40  Supply Depot  
  75  7:43  Supply Depot  
  75  7:44  Barracks Tech Lab  
  75  7:46  Command Center  
  75  7:47  SCV x2  
  75  7:49  Barracks Tech Lab  
  77  7:57  Sensor Tower  
  77  7:58  Siege Tank  
  77  8:00  SCV x2  
  82  8:17  Terran Vehicle Weapons Level 1  
  82  8:18  Medivac x2  
  88  8:20  Marauder x2, Marine  
  88  8:21  Marine  
  92  8:31  Siege Tank  
  95  9:01  Marauder x2, Marine  
  95  9:02  Marine  
  101  9:15  Missile Turret x2  
  101  9:19  Marine  
  101  9:20  Missile Turret x2  
  101  9:22  Marauder  
  101  9:23  Marauder  
  106  9:35  Refinery  
  106  9:37  Refinery  
  106  9:39  Orbital Command  
  106  9:43  Bunker  
  106  9:44  Marauder  
  108  10:05  Marine x4  
  112  10:07  Terran Infantry Weapons Level 2, Terran Infantry Armor Level 2  
  105  10:24  Marauder x2  
  96  10:45  Marauder  
  90  10:58  Siege Tank  
  90  10:59  Marine  
  90  11:00  Marine x2  
  96  11:05  Supply Depot  
  96  11:06  Supply Depot, Marine  
  85  11:28  Supply Depot  
  85  11:30  Barracks, Supply Depot, Siege Tank  
  85  11:32  Barracks  
  88  11:34  Barracks  
  88  11:36  Barracks  
  88  11:41  Liberator x2  
  94  12:03  Siege Tank  
  94  12:06  Starport, Marine  
  94  12:07  Starport  
  98  12:24  Liberator x2  
  98  12:26  Barracks Tech Lab  
  98  12:27  Barracks Reactor x2, Barracks Tech Lab  
  98  12:33  Orbital Command  
  98  12:35  Siege Tank  
  107  12:48  Marauder, Marine x4  
  113  13:09  Sensor Tower  
  113  13:10  Supply Depot  
  113  13:12  Supply Depot  
Tags
 
Add a new tag
Caveats
  • Supply blocks, unpowered buildings, or Contaminate may cause inaccurate times.
  • Supply counts are checked every 10 seconds.